 Dungeon Crawl Stone Soup version 0.20-a0-315-g8346a86 (webtiles) character file.

148 Goblin1989 the Slasher (level 5, 0/36 HPs)
             Began as a Demonspawn Monk on Dec 20, 2016.
             Was a Believer of Hepliaklqana.
             Slain by a river rat (2 damage)
             ... in a sewer.
             The game lasted 00:08:21 (1831 turns).

Goblin1989 the Slasher (Demonspawn Monk)            Turns: 1831, Time: 00:08:21

Health: 0/36       AC: 13    Str: 12    XL:     5   Next: 8%
Magic:  0/5        EV:  3    Int: 12    God:    Hepliaklqana [**....]
Gold:   126        SH:  0    Dex: 15    Spells: 4/4 levels left

rFire  . . .     SeeInvis .     a - +0 falchion
rCold  . . .     Gourm    .     m - +2 plate armour {rPois}
rNeg   . . .     Faith    .     (no shield)
rPois  +         Spirit   +     (no helmet)
rElec  .         Reflect  .     e - +0 cloak
rCorr  .         Harm     .     (no gloves)
MR     .....                    (no boots)
Stlth  ..........               (no amulet)
                                (no ring)
                                (no ring)

@: no status effects
A: reduced essence, hooves 1, magic shield
a: Recall Ancestor, Ancestor Identity, Renounce Religion


You were in a sewer.
You worshipped Hepliaklqana.
Hepliaklqana was pleased with you.
You were not hungry.

You visited 1 branch of the dungeon, and saw 3 of its levels.
You also visited: Sewer.

You collected 126 gold pieces.

Inventory:

Hand Weapons
 a - a +0 falchion (weapon)
Armour
 e - a +0 cloak (worn)
 m - a +2 plate armour of poison resistance (worn)
Jewellery
 b - an uncursed ring of ice {unknown}
 l - an uncursed amulet of the gourmand {unknown}
Scrolls
 o - a scroll of noise {!r}
 p - a scroll of identify {unknown}
Potions
 j - a potion of cure mutation {!q}
Comestibles
 c - a bread ration {@e1}


   Skills:
 + Level 3.3 Fighting
 * Level 4.8 Long Blades
 + Level 1.2 Armour
 - Level 2.6 Dodging
 - Level 1.7 Stealth


You had 4 spell levels left.
You didn't know any spells.

Dungeon Overview and Level Annotations

Branches:
Dungeon (3/15)

Altars:
Hepliaklqana


Innate Abilities, Weirdness & Mutations

You have large cloven feet.
When hurt, damage is shared between your health and your magic reserves.
Your life essence is reduced. (-10% HP)


Message History

Unknown command.
You closely miss the river rat.
The river rat is heavily wounded.
The river rat barely misses you.
Unknown command.
You closely miss the river rat.
The river rat is heavily wounded.
The river rat bites you.
* * * LOW HITPOINT WARNING * * *
You take 1 damage, and have 2/36 hp.
Unknown command.
You hit the river rat.
You kick the river rat, but do no damage.
The river rat is almost dead.
The river rat bites you but does no damage.
Unknown command.
You closely miss the river rat.
The river rat is almost dead.
The river rat bites you.
You die... ████████████████ ≈≈.....r@.∩....█ ████████████████

You could see a river rat.

Vanquished Creatures
  3 adders (D:2)
  2 river rats (Sewer)
  An ooze (D:2)
  A worm (D:3)
  2 dart slugs (D:1)
  3 leopard geckos
  2 orcs (D:3)
  2 bats
  3 giant cockroaches
  A goblin (D:1)
  8 hobgoblins
  A ball python (D:3)
  4 frilled lizards
  3 kobolds
  7 rats
43 creatures vanquished.

Vanquished Creatures (collateral kills)
  An orc priest (D:3)
  An adder (D:3)
  2 orcs (D:3)
  A bat (D:2)
  2 goblins (D:2)
7 creatures vanquished.

Vanquished Creatures (others)
  A battlemage (Sewer)
1 creature vanquished.

Grand Total: 51 creatures vanquished

Notes
Turn   | Place    | Note
-------+----------+-------------------------------------------
     0 | D:1      | Goblin1989 the Demonspawn Monk began the quest for the Orb.
     0 | D:1      | Reached XP level 1. HP: 18/18 MP: 1/1
   150 | D:1      | Reached skill level 3 in Long Blades
   246 | D:1      | Gained mutation: You have large cloven feet. [demonic ancestry]
   246 | D:1      | Reached XP level 2. HP: 15/24 MP: 2/2
   734 | D:2      | Reached XP level 3. HP: 18/29 MP: 3/3
   929 | D:2      | Reached skill level 4 in Long Blades
  1225 | D:2      | Found a hazy altar of Hepliaklqana.
  1234 | D:2      | Became a worshipper of Hepliaklqana the Forgotten
  1234 | D:2      | Reached * piety under Hepliaklqana
  1234 | D:2      | Reached ** piety under Hepliaklqana
  1235 | D:2      | Remembered your ancestor Huemac as a battlemage
  1342 | D:2      | Gained mutation: When hurt, damage is shared between your health and your magic reserves. [demonic ancestry]
  1342 | D:2      | Reached XP level 4. HP: 30/31 MP: 4/4
  1593 | D:3      | Reached skill level 1 in Armour
  1627 | D:3      | Found a glowing drain.
  1797 | Sewer    | Entered a sewer
  1811 | Sewer    | HP: 1/31 [river rat (2)]
  1813 | Sewer    | Reached XP level 5. HP: 20/36 MP: 0/5
  1831 | Sewer    | Slain by a river rat

Vault maps used:
D:1:      dpeg_arrival_boxorama
D:2:      lemuel_crystal_altar, hangedman_decor_growths
D:3:      portal_sewer_entry_d
Sewer:    sewer_kobolds

Skill      XL: |  1  2  3  4 |
---------------+-------------+-----
Long Blades    | 3 4 |  4.8
Armour         | 1 |  1.2
Fighting       | |  3.3
Dodging        | |  2.6
Stealth        | |  1.7

Action                   |  1- 3 |  4- 6 || total
-------------------------+-------+-------++-------
Melee: Falchion          |   101 |    83 ||   184
       Kick              |    23 |    26 ||    49
Invok: Ancestor Life: Ba |     1 |       ||     1
       Recall Ancestor   |       |     1 ||     1
  Use: Scroll            |       |     9 ||     9
       Potion            |       |     2 ||     2
 Stab: Sleeping          |     1 |       ||     1
       Distracted        |       |     1 ||     1
  Eat: Chunk             |     1 |     2 ||     3
Armor: Robe              |    22 |       ||    22
       Plate armour      |    24 |    40 ||    64
Dodge: Dodged            |    72 |    15 ||    87
       Rpst.: Falchion   |    19 |     2 ||    21

Vault maps used:
D:1:      dpeg_arrival_boxorama
D:2:      lemuel_crystal_altar, hangedman_decor_growths
D:3:      portal_sewer_entry_d
Sewer:    sewer_kobolds
